Map: 메운디 배속 테스트

Players

나노

  • Race: Terran Terran

VOD

https://www.youtube.com/channel/UCS1kmzU963dCZ2TkklHo-gg

Description

스타2 메운디 태초 궁수 1개와 전설 궁수 2개, 전설 마법사 2개로 클리어 가능할까?

Time

  • Played on: Oct. 22, 2022, 8:20 a.m.
  • Length: 54:30
Show
View Real Time Build Order
Export as new Build Order

나노 Terran 

Build Orders:  

Get SALT Encoding   

    0:00  Unknown x2  
    0:37  Unknown  
    0:38  Unknown  
    0:39  Unknown  
    0:44  Unknown  
    0:46  Unknown  
    1:13  Unknown  
    1:25  Unknown  
    1:27  Unknown  
    1:35  Unknown  
    1:37  Unknown  
    1:57  Unknown  
    2:02  Unknown  
    2:03  Unknown  
    2:14  Unknown  
    2:16  Unknown  
    2:20  Unknown  
    2:30  Unknown  
    2:43  Unknown  
    2:49  Unknown  
    3:06  Unknown  
    3:11  Unknown  
    3:14  Unknown  
    3:20  Unknown  
    3:27  Unknown  
    3:45  Unknown  
    3:57  Unknown  
    4:06  Unknown  
    4:15  Unknown  
    4:34  Unknown  
    4:40  Unknown  
    4:48  Unknown  
    4:53  Unknown  
    5:30  Unknown  
    5:34  Unknown  
    5:36  Unknown  
    5:49  Unknown  
    5:54  Unknown  
    5:56  Unknown  
    6:03  Unknown  
    6:06  Unknown  
    6:10  Unknown  
    6:12  Unknown  
    6:15  Unknown  
    6:18  Unknown  
    6:19  Unknown  
    6:22  Unknown  
    6:34  Unknown  
    6:42  Unknown  
    6:46  Unknown  
    6:47  Unknown  
    6:53  Unknown  
    6:55  Unknown  
    6:56  Unknown  
    7:00  Unknown  
    7:17  Unknown  
    7:26  Unknown  
    7:34  Unknown  
    7:38  Unknown  
    7:53  Unknown  
    7:58  Unknown  
    8:08  Unknown  
    8:10  Unknown  
    8:20  Unknown  
    8:21  Unknown  
    8:29  Unknown  
    8:40  Unknown  
    10:32  Unknown x2  
    10:35  Unknown  
    10:37  Unknown  
    11:19  Unknown  
    11:29  Unknown  
    11:31  Unknown  
    12:09  Unknown  
    12:10  Unknown  
    12:16  Unknown  
    12:19  Unknown  
    12:39  Unknown  
    13:01  Unknown x2  
    13:04  Unknown  
    13:06  Unknown  
    13:18  Unknown  
    13:21  Unknown  
    13:23  Unknown  
    13:31  Unknown  
    13:33  Unknown  
    13:36  Unknown  
    13:38  Unknown  
    15:30  Unknown  
    15:35  Unknown  
    15:37  Unknown  
    15:43  Unknown  
    15:45  Unknown  
    15:47  Unknown  
    17:10  Unknown  
    18:04  Unknown  
    18:07  Unknown  
    18:13  Unknown  
    18:17  Unknown  
    18:20  Unknown  
    18:23  Unknown  
    18:27  Unknown  
    18:29  Unknown  
    18:32  Unknown x2  
    18:34  Unknown  
    18:47  Unknown  
    18:50  Unknown  
    18:56  Unknown  
    19:03  Unknown  
    19:09  Unknown  
    19:27  Unknown  
    19:32  Unknown  
    19:37  Unknown  
    19:47  Unknown  
    19:50  Unknown  
    19:51  Unknown  
    20:09  Unknown  
    20:12  Unknown  
    20:17  Unknown  
    20:21  Unknown  
    20:26  Unknown  
    20:50  Unknown  
    20:53  Unknown  
    20:57  Unknown  
    21:03  Unknown  
    21:06  Unknown  
    21:11  Unknown  
    21:13  Unknown  
    21:14  Unknown x2  
    21:15  Unknown  
    21:18  Unknown  
    21:19  Unknown x2  
    21:21  Unknown  
    21:32  Unknown  
    21:38  Unknown  
    21:44  Unknown  
    21:50  Unknown  
    21:52  Unknown  
    21:53  Unknown  
    22:10  Unknown  
    22:14  Unknown  
    22:19  Unknown  
    22:23  Unknown  
    22:26  Unknown  
    22:31  Unknown  
    22:52  Unknown  
    22:57  Unknown  
    23:01  Unknown  
    23:08  Unknown  
    23:12  Unknown  
    23:15  Unknown  
    23:17  Unknown  
    25:36  Unknown  
    30:01  Unknown x2  
    30:18  Unknown  
    30:26  Unknown  
    30:35  Unknown  
    30:39  Unknown  
    30:42  Unknown  
    30:59  Unknown  
    31:07  Unknown  
    31:14  Unknown  
    31:19  Unknown  
    31:21  Unknown  
    31:39  Unknown  
    31:49  Unknown  
    31:55  Unknown  
    32:00  Unknown  
    32:05  Unknown  
    32:26  Unknown  
    32:35  Unknown  
    32:37  Unknown  
    32:40  Unknown  
    32:41  Unknown x2  
    32:42  Unknown  
    32:43  Unknown  
    32:46  Unknown x2  
    32:47  Unknown  
    32:50  Unknown x2  
    32:54  Unknown  
    32:56  Unknown x2  
    32:57  Unknown  
    33:02  Unknown  
    33:03  Unknown  
    33:08  Unknown  
    33:11  Unknown x2  
    35:12  Unknown  
    35:26  Unknown x2  
    35:27  Unknown x2  
    35:28  Unknown  
    35:35  Unknown x2  
    35:36  Unknown x2  
    35:37  Unknown x2  
    35:41  Unknown  
    35:42  Unknown  
    35:44  Unknown  
    47:06  Unknown  
    53:12  Unknown  
    54:25  Unknown  
Tags
 
Add a new tag
Caveats
  • Supply blocks, unpowered buildings, or Contaminate may cause inaccurate times.
  • Supply counts are checked every 10 seconds.